Cogmind - Beta 10.2 @@@ ROGUE MODE // 2021.08.15 @ 10:26:56 Player: Sam Result: Destroyed by D-53 Grenadier with Mini Grenade Launcher Performance ------------- Evolutions (0) 0 Regions Visited (2) 400 Robots Destroyed (22) 110 Value Destroyed (696) 696 Prototype IDs (2) 40 Alien Tech Used (0) 0 Bonus (0) 0 TOTAL SCORE: 1246 Bonus ------- None Cogmind --------- Core Integrity 0/250 Matter 256/300 Energy 100/100 System Corruption 1% Temperature Cool (0) Movement Walking (180) Ox2 Location -10/Mines Parts ------- > --- POWER (1) -------- (None) > --- PROPULSION (2) --- Aluminum Leg Aluminum Leg > --- UTILITY (2) ------ Large Storage Unit High-capacity Storage Unit > --- WEAPON (2) ------- Rocket Launcher > --- INVENTORY (18) --- Ion Engine Ion Engine Aluminum Leg Aluminum Leg Heat Sink Improved Heat Sink EM Pulse Gun EM Pulse Gun EM Pulse Gun EM Pulse Gun EM Pulse Gun Small Laser Small Laser Small Laser Assault Rifle Light Assault Rifle Grenade Launcher Mining Laser Peak State ------------ > --- POWER ------------ Light Nuclear Core > --- PROPULSION ------- Aluminum Leg Aluminum Leg > --- UTILITY ---------- Large Storage Unit High-capacity Storage Unit > --- WEAPON ----------- Particle Gun Rocket Launcher > --- INVENTORY -------- Ion Engine Ion Engine Aluminum Leg Aluminum Leg Heat Sink Improved Heat Sink EM Pulse Gun EM Pulse Gun EM Pulse Gun EM Pulse Gun EM Pulse Gun Small Laser Small Laser Small Laser Assault Rifle Light Assault Rifle Grenade Launcher Mining Laser [Rating: 13] Favorites ----------- Power Ion Engine Engine Ion Engine Power Core Light Nuclear Core Propulsion Aluminum Leg Treads Light Treads Leg Aluminum Leg Utility Large Storage Unit Storage Large Storage Unit Weapon EM Pulse Gun Energy Gun EM Pulse Gun Launcher Rocket Launcher Build | -11 -10 -10 ------- Run | Scr Mat Min Slots Evolved . | . . . Power . | . . . Propulsion . | . . . Utility . | . . . Weapon . | . . . Parts Attached 27 | 6 13 8 Power 4 | 1 2 1 Engine 3 | 1 2 . Core 1 | . . 1 Reactor . | . . . Propulsion 9 | 2 4 3 Treads 3 | 2 1 . Leg 6 | . 3 3 Wheel . | . . . Hover . | . . . Flight . | . . . Utility 3 | 1 2 . Device . | . . . Storage 3 | 1 2 . Processor . | . . . Hackware . | . . . Protection . | . . . Artifact . | . . . Weapon 11 | 2 5 4 Energy Gun 10 | 2 5 3 Energy Cannon . | . . . Ballistic Gun . | . . . Ballistic Cannon . | . . . Launcher 1 | . . 1 Special Weapon . | . . . Impact Weapon . | . . . Slashing Weapon . | . . . Piercing Weapon . | . . . Special Melee Weapon . | . . . Unidentified Prototypes . | . . . Parts Lost 7 | . 4 3 Power 1 | . . 1 Propulsion 2 | . 2 . Utility . | . . . Weapon 4 | . 2 2 Highest Loss Streak 3 | . 3 2 Average Slot Usage (%) 96 | . 95 100 Engine 11 | . 13 1 Core 2 | . . 12 Treads 12 | . 15 . Leg 14 | . 11 28 Storage 25 | . 25 28 Energy Gun 27 | . 28 25 Naked Turns . | . . . Heaviest Build 60 | 12 57 60 Greatest Support 40 | 40 40 20 Greatest Overweight (x) 9 | . 9 2 Average Overweight (x) . | . . 2 Largest Inventory Capacity 18 | 6 18 18 Average Capacity 12 | 5 11 18 Most Carried 18 | 3 13 18 Average Carried 10 | 1 8 17 Final Capacity 18 | 6 18 18 Final Carried 18 | 1 13 18 Class Distribution -------------------- 80% | Mutant 19% | Scavenger-Mutant Dominant Class ---------------- Mutant | -10/Materials Scavenger-Mutant | -10/Mines Resources | -11 -10 -10 ----------- Run | Scr Mat Min Matter Collected 450 | 226 149 75 Remotely . | . . . Salvage Created 850 | . 644 206 Parts 45 | . 31 14 Haulers Intercepted . | . . . Recyclers Shooed . | . . . Parts Field Recycled . | . . . Retrieved Matter . | . . . Parts Self-Destructed . | . . . Prevented . | . . . Kills | -11 -10 -10 ------- Run | Scr Mat Min Combat Hostiles Destroyed 21 | . 15 6 Guns 19 | . 13 6 Classes Destroyed 3 | . 3 . Watcher 1 | . 1 . Swarmer 4 | . 2 2 Grunt 17 | . 13 4 Best Kill Streak 5 | . 5 2 Combat Bots Only 3 | . 3 2 Max Kills in Single Turn 1 | . 1 1 Gunslinging . | . . . Exploded . | . . . Melee . | . . . Uniques/NPCs Destroyed . | . . . Combat | -11 -10 -10 -------- Run | Scr Mat Min Damage Taken 1258 | . 726 532 Core 262 | . 147 115 Absorbed by Shields . | . . . Core Remaining (%) 100 | 100 . . Volleys Fired 64 | . 47 17 Largest 2 | . 2 2 Hottest 105 | . 90 105 Shots Fired 125 | . 94 31 Gun 121 | . 94 27 Cannon . | . . . Launcher 4 | . . 4 Special . | . . . Kinetic . | . . . Thermal 46 | . 38 8 Explosive 4 | . . 4 Electromagnetic 75 | . 56 19 Robot Hit Streak 20 | . 20 6 Robot Miss Streak 3 | . 2 3 Penetration Max . | . . . Secondary Targets 3 | . 1 2 Max Gunslinging Chain 1 | . 1 1 Shots Hit Robots 89 | . 70 19 Core Hits 45 | . 26 19 Critical Hits . | . . . Critical Kills . | . . . Critical Parts Destroyed . | . . . Melee Attacks . | . . . Impact . | . . . Slashing . | . . . Piercing . | . . . Sneak Attacks . | . . . Combat Hostiles . | . . . Follow-up Attacks . | . . . Damage Inflicted 1192 | . 897 295 Guns 1119 | . 897 222 Cannons . | . . . Explosions 73 | . . 73 Melee . | . . . Ramming . | . . . Kinetic . | . . . Thermal 356 | . 306 50 Explosive 73 | . . 73 Electromagnetic 763 | . 591 172 Impact . | . . . Slashing . | . . . Piercing . | . . . Highest Corruption 1 | . 1 1 Average Corruption 1 | . 1 1 Corruption Purged . | . . . Effects 2 | . . 2 Message Errors 1 | . . 1 Targeting Errors 1 | . . 1 Overload Shots . | . . . Overflow Damage . | . . . Projectiles . | . . . Explosions . | . . . Melee . | . . . Knockbacks . | . . . Impact . | . . . Kinetic . | . . . Secondary . | . . . Self-Inflicted Damage 29 | . . 29 Shots 1 | . . 1 Rammed . | . . . Targets Rammed . | . . . Kicked . | . . . Crushed . | . . . Highest Temperature 225 | . 225 171 Average Temperature 85 | . 85 84 Received Heat Transfer 450 | . 351 99 Effects 1 | . 1 . Energy Bleed 1 | . 1 . Siege Activations . | . . . Robots Corrupted 1 | . 1 . Combat Hostiles 1 | . 1 . Parts Fried 10 | . 9 1 Impact Corruptions . | . . . Robots Melted 1 | . 1 . Combat Hostiles 1 | . 1 . Parts Melted 4 | . 3 1 Heat Transferred 929 | . 818 111 Parts Sabotaged . | . . . Parts Stolen . | . . . Parts Stripped . | . . . Power Chain Reactions . | . . . Missiles Intercepted . | . . . Alert | -11 -10 -10 ------- Run | Scr Mat Min Peak Influence 255 | . 255 200 Initial 15 | . . 15 Average 90 | . 87 115 Maximum Alert Level 1 | . 1 1 Low Security (%) 82 | 100 84 71 Level 1 17 | . 15 28 Level 2 . | . . . Level 3 . | . . . Level 4 . | . . . Level 5 . | . . . High Security . | . . . Max Security . | . . . Squads Dispatched 3 | . 3 . Investigation 2 | . 2 . Extermination . | . . . Reinforcement 1 | . 1 . Assault . | . . . Garrison . | . . . Intercept . | . . . Construction Impeded . | . . . Haulers Reinforced . | . . . Stealth | -11 -10 -10 --------- Run | Scr Mat Min Distress Signals . | . . . Communications Jammed . | . . . Distress Signals . | . . . Times Spotted 40 | . 31 9 Peak Tracking Total 4 | . 4 3 Tactical Retreats 7 | . 6 1 Traps | -11 -10 -10 ------- Run | Scr Mat Min Traps Triggered 4 | . 4 . Indirectly . | . . . Trap Hack Attempts . | . . . Triggered . | . . . Disarmed . | . . . Reprogrammed . | . . . Reused . | . . . Traps Extracted . | . . . Installed . | . . . Triggered . | . . . Machines | -11 -10 -10 ---------- Run | Scr Mat Min Machines Disabled 1 | . . 1 Max in Single Turn 1 | . . 1 Machines Sabotaged . | . . . Garrisons Compromised . | . . . Overloaded Fab Kills . | . . . Fab Network Shutdowns . | . . . Hacking | -11 -10 -10 --------- Run | Scr Mat Min Machines Accessed 8 | . 8 . Terminals 7 | . 7 . Fabricators . | . . . Repair Stations 1 | . 1 . Recycling Units . | . . . Scanalyzers . | . . . Garrison Access . | . . . Total Hacks 28 | . 28 . Successful 17 | . 17 . Failed 11 | . 11 . Catastrophic 3 | . 3 . Database Lockouts . | . . . Manual 13 | . 13 . Terminals 25 | . 25 . Fabricators . | . . . Repair Stations 3 | . 3 . Recycling Units . | . . . Scanalyzers . | . . . Garrison Access . | . . . Terminal Hacks 10 | . 10 . Record 4 | . 4 . Robot Schematic 1 | . 1 . Robot Analysis 1 | . 1 . Prototype ID Bank 1 | . 1 . Branch Access Points 1 | . 1 . Unreport Threat 1 | . 1 . Hauler Manifests 1 | . 1 . Fabricator Hacks . | . . . Repair Station Hacks 2 | . 2 . Scan Component 1 | . 1 . Repair 1 | . 1 . Recycling Unit Hacks . | . . . Scanalyzer . | . . . Garrison Access Hacks . | . . . Unauthorized Hacks 5 | . 5 . Terminals 5 | . 5 . Track 2 | . 2 . Botnet 3 | . 3 . Fabricators . | . . . Repair Stations . | . . . Recycling Units . | . . . Scanalyzers . | . . . Garrison Access . | . . . Data Cores Recovered . | . . . Used . | . . . Hacking Detections 8 | . 8 . Full Trace Events 4 | . 4 . Feedback Events . | . . . Feedback Blocked . | . . . Robot Schematics Acquired 1 | . 1 . Robots Built . | . . . Matter . | . . . Time . | . . . Total Robot Build Rating . | . . . Part Schematics Acquired . | . . . Parts Built . | . . . Matter . | . . . Time . | . . . Total Part Build Rating . | . . . Parts Repaired 1 | . 1 . Time 26 | . 26 . Parts Recycled . | . . . Recycled Matter . | . . . Retrieved Matter . | . . . Retrieved Components . | . . . Parts Scanalyzed . | . . . Part Schematics Acquired . | . . . Parts Damaged . | . . . Bothacking | -11 -10 -10 ------------ Run | Scr Mat Min Used RIF Installer . | . . . Robots Hacked . | . . . Non-combat . | . . . Combat . | . . . Robot Hacks Applied . | . . . Relay Couplers Released . | . . . Robots Rewired . | . . . Allies Hacked . | . . . Hacks Repelled . | . . . Allies | -11 -10 -10 -------- Run | Scr Mat Min Total Allies . | . . . Largest Group . | . . . Highest-Rated Group . | . . . Highest-Rated Ally . | . . . Total Orders . | . . . Ally Attacks . | . . . Total Damage . | . . . Kills . | . . . Allies Corrupted . | . . . Allies Melted . | . . . Intel | -11 -10 -10 ------- Run | Scr Mat Min Robot Analysis Total 1 | . 1 . Derelict Logs Recovered . | . . . Drone Launches . | . . . Drone Recoveries . | . . . Exploration | -11 -10 -10 ------------- Run | Scr Mat Min Turns Passed 1965 | 65 1489 411 Spaces Moved 982 | 37 761 184 Core 6 | 5 1 . Treads 450 | 32 418 . Legs 526 | . 342 184 Wheels . | . . . Hover . | . . . Flight . | . . . Fastest Speed 50 | 50 150 180 Average Speed 163 | 145 160 180 Slowest Speed 500 | 160 500 180 Overloaded Moves . | . . . Propulsion Burnouts . | . . . Robots Hopped . | . . . Cave-ins Triggered . | . . . Exploration Rate (%) 47 | 4 97 40 Regions Visited 2 Branch Regions 1 Pre-discovered Areas . | . . . Known Exits Taken 1 | . 1 . Unknown Exits Taken 1 | 1 . . Scrap Searched . | . . . Spaces Dug . | . . . Terrain Destroyed 31 | . . 31 Melee . | . . . Projectile . | . . . AOE 31 | . . 31 Terrain Rammed . | . . . Walls Destroyed . | . . . Machines Disabled . | . . . Actions | -11 -10 -10 --------- Run | Scr Mat Min Total 1208 | 46 930 232 Wait 113 | . 94 19 Move 980 | 36 760 184 Hop . | . . . Pick Up 19 | 3 13 3 Fast Attach 10 | 5 5 . Attach 5 | 1 3 1 Detach . | . . . Swap 12 | . 5 7 Drop 5 | 1 3 1 Fire 64 | . 47 17 Melee . | . . . Ram . | . . . Kick . | . . . Crush . | . . . Escape Stasis . | . . . Rewire . | . . . Trap . | . . . Miscellaneous . | . . . Route ------- -11/Scrapyard -10/Materials (discovered 4 exits: [*Mat x3] / *Min) -10/Mines (discovered 1 exit: [*Mat]) History --------- Turn | Location | Event 2 | -11/Scrapyard | Met Revision 17 23 | -11/Scrapyard | Discovered new exit (range 16) 66 | -11/Scrapyard | Entered Materials 309 | -10/Materials | Build established: Mutant 626 | -10/Materials | Discovered new exit (range 12) 757 | -10/Materials | Discovered new exit (range 12) 913 | -10/Materials | Core integrity fell below 50% 963 | -10/Materials | Lost 3 parts (1n2w) 1009 | -10/Materials | Repaired Ion Engine 1122 | -10/Materials | Discovered new exit (range 16) 1240 | -10/Materials | Identified exit to Mines 1424 | -10/Materials | Discovered new exit (range 16) 1555 | -10/Materials | Entered Mines 1718 | -10/Mines | Received a Rocket Launcher from a helpful Derelict 1807 | -10/Mines | Discovered new exit (range 7) 1864 | -10/Mines | Build established: Scavenger-Mutant 1951 | -10/Mines | Assembled infested the area 1962 | -10/Mines | Core integrity fell below 20% 1966 | -10/Mines | Destroyed by D-53 Grenadier with Mini Grenade Launcher Last Messages --------------- Imp. Heat Sink melted. G-47 Trooper destroyed. Acquired 10 matter. R-06 Scavenger collects Sml. Laser. Dropped Aluminum Leg. Acquired 10 matter. EXIT=FOUND System corrupted: EM Pulse Gun targeting data glitched. Seismic Survey Station disabled. S-10 Pest destroyed. Switching to secondary target: S-10 Pest. S-10 Pest destroyed. Acquired 10 matter. ALERT: Infestation in the mines, dispatching Demolisher response squad. C-30 ARC bursts open, deploying its payload. D-53 Grenadier unfolds itself. Particle Gun destroyed. Lgt. Nuclear Core destroyed. T-07 Excavator destroyed. The unstable cave ceiling collapses. Map ----- +----------------------------------------------------+ | ???????????????????????????????????????????# | | ???????????????????????????????????????????# ### | | ???????????????????????????????# ??????????# ##?? | | ????????????????????????????????# ##### #### | | ????????????????????????????????????# | | ?????????????????????????????####???######## #### | | ????????????????????????????## ##?????????# #??? | | ???????????????????????????## ##????????# #??? | | ??????????????????????????## ##???????# #??? | | ?????????????????????????## ######### #??? | | ????????????????????###### #??? | | ??????????????????? ### #### #??? | | ??????????????????????????# #?# ### ##?# | | ??????????????????????????## ## ### ### | | ???????????????????????????# ###### ## %! | | ???????????????????????????# #????# ####### %= | | ??????????????????????####?# #????# #?????# ### | | ??????????????????????# ## ###??# #?????# ##?# | | ?????????????????????? ???# #?????# ##?# | | ?????????????????????## ##### ###???# ### | | ?????????????????????# d #???# ## | | ????????????????????## # #???## # | | ????????????????????# """ =####### | | ????????????????????# d """ =%[ ### | | ????????????????????# # " <%#### ### | | ????????????????????# @ ## #??# | | ????????????????????## #########??##### | | ????????????????????# #??????????????## | | ?????????????????#### #???????????????## | | ?????????????????# ###?????????????????## | | ?????????????????# ## #???????????????????? | | ?????????????????#??## #??#####???????????? | | ?????????????????????#### #### ##??????????? | | ?????????????????????????## #??????????? | | ??????????????????????????#### #??????????? | | ?????????????????????????????## #??????????? | | ??????????????????????????????#### #??????????? | | ?????????????????????????????????## ##??????????? | | ???????????????????????????????????###???????????? | | ?????????????????????????????????????????????????? | | | | | | | | | | | | | | | | | | | | | +----------------------------------------------------+ Best States ------------- Heat Dissipation 25 Energy Generation 14 Energy Capacity 250 Matter Stores 300 Matter Capacity 300 Sight Range 16 Terrain Scan Density 10 Evasion (%) 40 Recoil Reduction 2 Item Schematics ----------------- None Robot Schematics ------------------ G-34 Mercenary | -10/Materials | Hacked Fabricated ------------ Nothing Alien Tech Used ----------------- None Achievements -------------- None Challenges ------------ None Game ------ Seed RefineryLongswordAmplifier Manual? 0 Play Time 00:22:33 Cumulative 21.1 hours Start 2021.08.15 @ 01:20:30 End 2021.08.15 @ 10:26:56 Sessions 2 Manual Loads 0 Difficulty Rogue Special Mode None Game No. 27 Rogue 27 Adventurer 0 Explorer 0 Win Type - Total 0 Types 0/0/0/0/0/0/0/0/0 Lore% 22 Gallery% 26 Achievement% 21 Wizard Run 0 Options --------- ASCII 0 Keyboard 0 Movement Mouse Keybinds 0 Fullscreen 1 Font 18/Terminus Map View 76x50 Tactical HUD 0 Map Filters NONE Filters NONE Steam 1 RUN: e2f71b7a-19d9-40ce-9e46-071938b394b0